 Dungeon Crawl Stone Soup version 0.23.1 (webtiles) character file.

Game seed: 16866971472691555079

43 CloudKeeper the Shield-Bearer (level 3, 0/30 HPs)
             Began as a Formicid Fighter on Mar 13, 2019.
             Slain by a gnoll
             ... wielding a +0 whip of flaming
              (2 damage)
             ... on level 2 of the Dungeon.
             The game lasted 00:02:38 (1317 turns).

CloudKeeper the Shield-Bearer (Formicid Fighter)    Turns: 1317, Time: 00:02:38

Health: 0/30       AC:  6    Str: 20    XL:     3   Next: 82%
Magic:  3/3        EV:  8    Int:  8    God:
Gold:   86         SH:  9    Dex: 10    Spells: 2/2 levels left

rFire    . . .     SeeInvis +   a - +0 war axe
rCold    . . .     Gourm    .   c - +0 shield
rNeg     . . .     Faith    .   b - +0 scale mail
rPois    .         Spirit   .   (helmet unavailable)
rElec    .         Reflect  .   (no cloak)
rCorr    .         Harm     .   (no gloves)
MR       .....                  (no boots)
Stlth    ..........             (no amulet)
HPRegen  0.10/turn              (no ring)
MPRegen  0.08/turn              (no ring)

@: no status effects
A: permanent stasis, dig shafts and tunnels, four strong arms, antennae 3
a: Dig, Shaft Self


You were on level 2 of the Dungeon.
You were hungry.

You visited 1 branch of the dungeon, and saw 2 of its levels.

You collected 86 gold pieces.

Inventory:

Hand Weapons
 a - a +0 war axe (weapon)
Armour
 b - a +0 scale mail (worn)
 c - a +0 shield (worn)
Scrolls
 e - 3 scrolls of identify {unknown}
 h - 2 scrolls of remove curse {unknown}
 i - a scroll of teleportation {unknown}
 k - a scroll of fog {unknown}
Potions
 d - a potion of might
 g - a potion of curing {unknown}
 j - a potion of heal wounds {unknown}
Comestibles
 f - 4 rations


   Skills:
 + Level 3.6 Fighting
 + Level 2.7 Axes
 + Level 3.6 Armour
 + Level 0.5 Dodging
 + Level 4.0 Shields


You had 2 spell levels left.
You didn't know any spells.
Your spell library was empty.

Dungeon Overview and Level Annotations

Branches:
Dungeon (2/15)

Altars:


Innate Abilities, Weirdness & Mutations

You cannot be hasted, slowed, berserked, paralysed or teleported.
You can dig through walls and to a lower floor.
Your four strong arms can wield two-handed weapons with a shield.
You have a pair of large antennae on your head. (SInv)


Message History

The gnoll closely misses you.
The gnoll hits you but does no damage. x2
You closely miss the gnoll. The gnoll barely misses you.
The gnoll hits you with a +0 whip of flaming.
The gnoll burns you.
You closely miss the gnoll. The gnoll barely misses you.
You block the gnoll's attack.
The gnoll hits you from afar with a +0 spear.
* * * LOW HITPOINT WARNING * * *
You hit the gnoll.
The gnoll is lightly wounded.
The gnoll hits you with a +0 whip of flaming.
* * * LOW HITPOINT WARNING * * *
The gnoll burns you.
* * * LOW HITPOINT WARNING * * *
You block the gnoll's attack. The gnoll barely misses you.
A goblin comes into view. It is wielding a +0 dagger.
The gnoll hits you with a +0 whip of flaming.
* * * LOW HITPOINT WARNING * * *
The gnoll burns you.
You die...

{. # .. .. <.. <.. ....
...#### ####.....
....######........
##..##gg@.##..... ##### .
#....gg#### ..... #....
....#g.PP....###.. . ♣#....
...?...P........... ♣..>..
#.....♣♣♣.......### ♣.<...
#.##.♣.♣.....)..######♣ ♣#(P..
g .g.♣♣..P.(........... ##.P♣♣
.P.♣♣P................##..P♣.
##P.♣.P................#.)♣♣P.


You could see 4 gnolls and a goblin (wandering).

Vanquished Creatures
  A dart slug (D:2)
  A leopard gecko (D:1)
  4 bats
  4 goblins (D:1)
  A hobgoblin (D:1)
  4 jackals (D:1)
  9 kobolds
  11 frilled lizards (D:1)
  5 rats (D:1)
40 creatures vanquished.

Notes
Turn   | Place    | Note
-------+----------+-------------------------------------------
     0 | D:1      | CloudKeeper the Formicid Fighter began the quest for the
                  | Orb.
     0 | D:1      | Reached XP level 1. HP: 18/18 MP: 1/1
    99 | D:1      | Reached XP level 2. HP: 15/24 MP: 2/2
   426 | D:1      | Reached XP level 3. HP: 29/29 MP: 3/3
   638 | D:1      | Reached skill level 4 in Shields
  1317 | D:2      | Slain by a gnoll

Skill      XL: |  1  2  3 |
---------------+----------+-----
Shields        | 4 |  4.0
Fighting       | |  3.6
Axes           | |  2.7
Armour         | |  3.6
Dodging        | |  0.5

Action                   || total
-------------------------++-------
Melee: War axe           ||   140
  Eat: Chunk             ||     1
Armor: Scale mail        ||    67
Dodge: Dodged            ||    66
Block: Shield            ||    84
